Map: Disco Bloodbath LE

Players

Mez - Winner!

  • Race: Terran Terran
  • League: Master
  • Spawn Location: 9:00

Tyson

  • Race: Terran Terran
  • League: Master
  • Spawn Location: 3:00

VOD

Have the link to the VOD?

Description

Time

  • Played on: Sept. 4, 2019, 2:08 a.m.
  • Length: 5:03
Show
View Real Time Build Order
Export as new Build Order

Mez Terran - Winner!

Build Orders: Gas First Reaper Expand, Hellion Opening 

Get SALT Encoding   

  12  0:00  SCV  
  13  0:13  SCV  
  14  0:17  Supply Depot  
  14  0:25  SCV  
  14  0:27  Refinery  
  15  0:39  SCV  
  16  0:45  Barracks  
  16  0:51  SCV  
  17  1:03  SCV  
  18  1:15  SCV  
  19  1:32  Orbital Command, Reaper  
  20  1:47  Command Center  
  20  2:00  Factory  
  20  2:02  SCV  
  21  2:12  Barracks Reactor  
  21  2:15  SCV  
  22  2:21  Supply Depot  
  22  2:22  Refinery  
  22  2:28  SCV  
  23  2:51  Starport  
  23  2:55  SCV  
  23  2:58  Hellion x2  
  28  3:00  Barracks Tech Lab  
  28  3:07  SCV  
  29  3:19  SCV  
  30  3:26  Marauder, Hellion x2  
  36  3:28  Orbital Command  
  36  3:34  Concussive Shells  
  36  3:35  Medivac  
  39  3:50  Marauder  
  39  3:51  Hellion  
  39  3:52  Hellion  
  44  3:59  Supply Depot  
  45  4:02  SCV  
  45  4:03  SCV  
  45  4:08  Starport Tech Lab  
  46  4:25  Command Center, Supply Depot  
  46  4:28  Cyclone  
  51  4:34  SCV x2  
Show
View Real Time Build Order
Export as new Build Order

Tyson Terran 

Build Orders: Reaper Expand 

Get SALT Encoding   

  12  0:00  SCV  
  13  0:13  SCV  
  14  0:20  Supply Depot  
  14  0:25  SCV  
  15  0:41  SCV  
  16  0:44  Barracks  
  16  0:46  Refinery  
  16  0:53  SCV  
  17  1:05  SCV  
  18  1:17  SCV  
  19  1:31  Orbital Command  
  19  1:32  Reaper  
  20  1:45  Command Center  
  20  1:55  Refinery  
  20  1:58  SCV  
  21  2:04  Supply Depot  
  21  2:06  Barracks Reactor  
  21  2:13  SCV  
  22  2:25  Factory  
  22  2:29  SCV  
  23  2:41  SCV  
  23  2:43  Marine x2  
  26  2:53  SCV  
  27  2:59  Orbital Command  
  27  3:04  Marine x2  
  27  3:05  Bunker  
  29  3:07  SCV  
  29  3:13  Factory Tech Lab  
  29  3:15  Starport  
  29  3:21  SCV  
  29  3:25  SCV  
  31  3:29  Marine x2  
  31  3:33  SCV  
  34  3:36  Cyclone  
  37  3:42  SCV  
  37  3:44  Refinery  
  37  3:45  SCV  
  39  3:54  Starport Tech Lab  
  39  3:57  SCV  
  39  3:58  Marine, SCV  
  39  3:59  Marine  
  39  4:00  Fusion Core  
  43  4:05  Supply Depot  
  43  4:09  SCV  
  44  4:16  SCV  
  45  4:19  Supply Depot  
  45  4:22  Refinery  
  45  4:27  Siege Tank  
  45  4:28  Marine x2  
  45  4:29  SCV x2  
  54  4:37  Supply Depot  
  54  4:39  Supply Depot  
  54  4:41  SCV x2  
Tags
 
Add a new tag
Caveats
  • Supply blocks, unpowered buildings, or Contaminate may cause inaccurate times.
  • Supply counts are checked every 10 seconds.